 Dungeon Crawl Stone Soup version 0.22.0-75-g3901e79 (webtiles) character file.

207 PaladinM the Cutter (level 6, -4/44 HPs)
             Began as a Human Wanderer on Sept 11, 2018.
             Killed by divine providence
             ... invoked by an orc priest
              (16 damage)
             ... on level 3 of the Dungeon.
             The game lasted 00:09:26 (3853 turns).

PaladinM the Cutter (Human Wanderer)                Turns: 3853, Time: 00:09:27

Health: -4/44      AC:  7    Str: 12    XL:     6   Next: 11%
Magic:  6/6        EV: 11    Int:  9    God:
Gold:   88         SH:  0    Dex: 18    Spells: 5/5 levels left

rFire    . . .     SeeInvis .   j - +0 short sword
rCold    . . .     Gourm    .   (no shield)
rNeg     . . .     Faith    .   m - +0 ring mail
rPois    .         Spirit   .   n - +1 helmet
rElec    .         Reflect  .   (no cloak)
rCorr    .         Harm     .   (no gloves)
MR       .....                  (no boots)
Stlth    ++........             (no amulet)
HPRegen  0.14/turn              (no ring)
MPRegen  0.10/turn              (no ring)

@: no status effects
A: no striking features
a: no special abilities


You were on level 3 of the Dungeon.
You were near starving.

You visited 1 branch of the dungeon, and saw 3 of its levels.

You collected 88 gold pieces.

Inventory:

Hand Weapons
 a - a +2 hand crossbow
 j - a +0 short sword (weapon)
 q - a +0 long sword
Missiles
 b - 26 bolts
Armour
 m - a +0 ring mail (worn)
 n - a +1 helmet (worn)
Scrolls
 c - a scroll of magic mapping {unknown}
 e - a scroll of enchant armour {unknown}
 g - 6 scrolls of teleportation {unknown}
 h - a scroll of identify {unknown}
 k - a scroll of amnesia {unknown}
 p - a scroll of remove curse {unknown}
Potions
 d - a potion of degeneration {unknown}
 f - a potion of magic {unknown}
 i - 2 potions of heal wounds {unknown}
 o - a potion of mutation {unknown}
Comestibles
 l - 3 rations


   Skills:
 - Level 2.0 Fighting
 + Level 5.4 Short Blades
   Level 1.0 Staves
 - Level 1.0 Crossbows
 - Level 2.0 Armour
 - Level 2.0 Dodging
 - Level 2.0 Stealth


You had 5 spell levels left.
You didn't know any spells.
Your spell library was empty.

Dungeon Overview and Level Annotations

Branches:
Dungeon (3/15)

Altars:
Gozag


Message History

An orc comes into view. It is wielding a club.
Something hits you but does no damage.
The orc priest miscasts a cantrip.
Something hits you but does no damage.
The orc shouts!
You hear a shout!
Something hits you. Something hits you. Something hits you but does no damage.
Something hits you. Something hits you.
A magic dart appears from out of thin air!
The magic dart hits you!
* * * LOW HITPOINT WARNING * * *
Something hits you but does no damage. Something hits you but does no damage.
Something hits you.
* * * LOW HITPOINT WARNING * * *
The orc priest invokes the aid of Beogh against you.
Beogh smites you!
You die...

#######o###.###.##
..........o.......
#######.###.######
#.#........#
##o########.#
#........##.#
..........#.#.##.#
#############.#.##.#
#..@.{.o.o......##.#
#.#.###########.#..).#
#.#.# #...#### #.#o##
##### ######## #.#..#
#......# #.##.#
#.####.# #.##.#
#.##...###.##.#
#....#..o.o...#


You could see an orc priest and an orc.

Vanquished Creatures
  An orc priest (D:3)
  An orc wizard (D:2)
  Jessica (D:3)
  3 gnolls
  4 adders
  2 dart slugs (D:1)
  3 leopard geckos
  2 orcs
  2 giant cockroaches (D:1)
  3 hobgoblins (D:1)
  3 jackals
  8 kobolds
  A quokka (D:2)
  A ball python (D:2)
  6 bats
  3 frilled lizards
  4 goblins
  7 rats
55 creatures vanquished.

Notes
Turn   | Place    | Note
-------+----------+-------------------------------------------
     0 | D:1      | PaladinM the Human Wanderer began the quest for the Orb.
     0 | D:1      | PaladinM set off with: a +2 hand crossbow, 26 bolts, a +0
                  | shortbow, 26 arrows, a potion of curing, a +0 robe, a +0
                  | dagger, a ration
     0 | D:1      | Reached XP level 1. HP: 16/16 MP: 1/1
   419 | D:1      | Reached skill level 1 in Short Blades
   455 | D:1      | Reached XP level 2. HP: 17/22 MP: 2/2
   539 | D:1      | Reached skill level 2 in Short Blades
   881 | D:1      | Reached XP level 3. HP: 23/27 MP: 3/3
  1563 | D:2      | Found an opulent altar of Gozag.
  1628 | D:1      | Reached skill level 3 in Short Blades
  1837 | D:2      | Reached XP level 4. HP: 33/33 MP: 4/4
  2936 | D:2      | Reached skill level 4 in Short Blades
  3212 | D:2      | Reached XP level 5. HP: 34/38 MP: 5/5
  3607 | D:3      | Reached skill level 5 in Short Blades
  3684 | D:3      | Noticed Jessica
  3689 | D:3      | Killed Jessica
  3689 | D:3      | Reached XP level 6. HP: 44/44 MP: 6/6
  3853 | D:3      | Killed from afar by an orc priest

Skill      XL: |  1  2  3  4  5 |
---------------+----------------+-----
Short Blades   | 1 2 3 4 5 |  5.4
Fighting       | |  2.0
Staves         | |  1.0
Crossbows      | |  1.0
Armour         | |  2.0
Dodging        | |  2.0
Stealth        | |  2.0

Action                   |  1- 3 |  4- 6 || total
-------------------------+-------+-------++-------
Melee: Dagger            |   134 |       ||   134
       Short sword       |    38 |   142 ||   180
  Use: Potion            |     1 |       ||     1
 Stab: Sleeping          |     3 |     2 ||     5
  Eat: Ration            |     1 |     1 ||     2
       Chunk             |       |     1 ||     1
Armor: Robe              |    21 |    11 ||    32
       Ring mail         |       |    34 ||    34
Dodge: Dodged            |   139 |   100 ||   239
